Map: Ascension to Aiur LE

Players

Tesserakt

  • Race: Zerg Zerg
  • League: Master
  • Spawn Location: 11:00

Brain - Winner!

  • Race: Protoss Protoss
  • Spawn Location: 5:00

VOD

Have the link to the VOD?

Description

ProtossOPOPOPOPOP

Time

  • Played on: May 14, 2017, 12:25 p.m.
  • Length: 16:49
Show
View Real Time Build Order
Export as new Build Order

Tesserakt Zerg 

Build Orders: Hatch First 

Get SALT Encoding   

  12  0:00  Drone  
  13  0:13  Overlord  
  13  0:17  Drone  
  14  0:33  Drone x2  
  16  0:48  Hatchery  
  15  0:52  Drone  
  15  0:56  Drone  
  17  0:59  Drone  
  18  1:10  Extractor  
  17  1:17  Spawning Pool  
  16  1:19  Drone  
  16  1:22  Drone  
  18  1:29  Drone  
  19  1:52  Drone  
  19  1:53  Hatchery  
  19  1:57  Drone  
  20  2:06  Queen  
  22  2:15  Metabolic Boost  
  22  2:17  Zergling x2  
  22  2:20  Drone  
  24  2:23  Drone  
  24  2:26  Drone  
  26  2:31  Overlord  
  26  2:39  Drone x2  
  28  2:48  Queen  
  28  2:50  Drone x2  
  32  2:59  Overlord  
  32  3:00  Zergling x4  
  34  3:09  Drone x3  
  37  3:15  Overlord  
  37  3:17  Queen  
  39  3:25  Drone x5  
  44  3:34  Drone  
  45  3:35  Queen  
  45  3:37  Drone x3  
  50  3:50  Drone x2  
  50  3:53  Drone x2  
  54  3:58  Drone x4  
  54  4:00  Overlord x2  
  58  4:07  Roach Warren  
  57  4:19  Drone x4  
  57  4:21  Queen  
  57  4:22  Lair  
  63  4:26  Evolution Chamber, Drone x2  
  63  4:28  Overlord x2  
  63  4:31  Drone  
  65  4:41  Drone x6  
  65  4:43  Spore Crawler  
  70  4:47  Spore Crawler  
  70  4:50  Drone x5  
  74  4:56  Zerg Missile Weapons Level 1  
  74  4:57  Drone x4  
  78  5:00  Extractor, Evolution Chamber  
  78  5:01  Extractor, Drone x2  
  78  5:02  Extractor  
  78  5:04  Extractor  
  75  5:11  Overlord x2  
  75  5:17  Hatchery  
  74  5:22  Baneling Nest  
  74  5:24  Drone x8  
  81  5:35  Drone x2  
  83  5:37  Drone  
  83  5:38  Drone  
  83  5:39  Drone  
  86  5:43  Drone x3  
  86  5:44  Hydralisk Den  
  86  5:46  Zerg Ground Armor Level 1, Extractor  
  86  5:47  Drone x3  
  90  5:53  Drone x2  
  92  6:03  Hatchery  
  91  6:10  Centrifical Hooks  
  89  6:15  Hydralisk x4  
  97  6:20  Overlord  
  97  6:21  Overlord x2  
  97  6:22  Muscular Augments  
  97  6:32  Spore Crawler  
  96  6:35  Hydralisk x4, Overlord x3  
  104  6:45  Spore Crawler  
  104  6:53  Hydralisk x6  
  108  7:01  Hydralisk x3  
  116  7:05  Hydralisk  
  124  7:11  Zerg Melee Weapons Level 1  
  124  7:16  Overlord x2  
  124  7:18  Hydralisk x2  
  128  7:26  Zergling x28  
  142  7:30  Zergling x10  
  147  7:37  Overlord x3  
  147  7:43  Zergling x16  
  155  7:45  Zerg Ground Armor Level 2  
  155  7:48  Zergling x6  
  158  7:53  Zergling x2  
  155  8:01  Zergling x22  
  155  8:03  Baneling  
  155  8:04  Baneling x12  
  162  8:07  Zergling x8  
  162  8:12  Baneling x2  
  166  8:13  Baneling x3  
  166  8:16  Hydralisk x3  
  164  8:27  Overseer  
  164  8:28  Hydralisk x4, Overseer  
  164  8:34  Hydralisk x2  
  170  8:40  Drone x3  
  177  8:42  Baneling x4  
  176  8:49  Zergling x30  
  176  8:51  Hydralisk  
  176  8:52  Hydralisk  
  176  8:54  Extractor  
  193  8:58  Extractor  
  193  9:01  Hydralisk x4  
  179  9:21  Hydralisk x8  
  170  9:31  Hydralisk x3  
  161  9:44  Extractor, Drone x2  
  152  9:47  Burrow, Zergling x10  
  152  9:48  Infestation Pit, Zergling x8  
  158  10:00  Hydralisk x6  
  158  10:01  Hydralisk x3  
  158  10:04  Hydralisk  
  176  10:08  Hydralisk x2  
  180  10:17  Overlord x4  
  180  10:35  Pathogen Glands, Hydralisk x9  
  191  11:08  Baneling x8  
  191  11:09  Baneling x3  
  186  11:15  Hydralisk x8  
  200  11:30  Baneling, Spore Crawler  
  167  11:40  Hatchery  
  167  11:42  Infestor x6  
  167  11:45  Extractor  
  160  11:48  Neural Parasite  
  160  11:54  Hydralisk, Hive  
  160  11:57  Drone x3  
  165  12:04  Hydralisk x5  
  175  12:16  Hydralisk x6  
  187  12:31  Hydralisk x6  
  192  12:41  Hydralisk x6  
  186  12:47  Hydralisk  
  186  12:48  Hydralisk x3  
  174  12:54  Hydralisk x3  
  176  12:58  Extractor  
  176  13:00  Hydralisk x3  
  176  13:04  Hydralisk x2  
  185  13:08  Baneling  
  185  13:09  Baneling x4  
  185  13:12  Hydralisk  
  185  13:13  Hydralisk x2  
  191  13:21  Extractor  
  191  13:22  Drone x3  
  193  13:34  Hydralisk x3  
  199  13:43  Spore Crawler  
  199  13:46  Spore Crawler x2, Overseer x3  
  199  13:47  Spore Crawler  
  195  13:49  Spore Crawler  
  195  13:50  Drone x6  
  200  14:07  Spore Crawler  
  189  14:15  Infestor x2, Spore Crawler  
  189  14:16  Spore Crawler  
  191  14:20  Spore Crawler  
  191  14:22  Spore Crawler  
  191  14:23  Spore Crawler x2  
  152  14:33  Hydralisk x6  
  148  14:43  Hydralisk x4  
  147  14:50  Infestor x2  
  145  14:55  Hydralisk x2  
  145  14:59  Baneling x3  
  149  15:05  Hydralisk x3  
  149  15:06  Hydralisk  
  155  15:09  Infestor  
  157  15:17  Hydralisk x3  
  162  15:26  Hydralisk x2  
  164  15:32  Hydralisk  
  164  15:33  Hydralisk x2  
  170  15:44  Spire  
  169  15:55  Hydralisk  
  169  15:56  Hydralisk x3  
  177  16:02  Hydralisk x2  
Show
View Real Time Build Order
Export as new Build Order

Brain Protoss - Winner!

Build Orders: 1 Gate Expand, Oracle Opening 

Get SALT Encoding   

  12  0:01  Probe (Chrono Boost)  
  13  0:12  Probe (Chrono Boost)  
  14  0:18  Pylon  
  14  0:22  Probe (Chrono Boost)  
  15  0:36  Probe (Chrono Boost)  
  15  0:39  Gateway  
  16  0:47  Assimilator  
  16  0:48  Probe (Chrono Boost)  
  17  0:58  Probe (Chrono Boost)  
  18  1:09  Probe (Chrono Boost)  
  19  1:19  Probe (Chrono Boost)  
  20  1:31  Nexus  
  20  1:42  Cybernetics Core  
  20  1:46  Probe (Chrono Boost)  
  21  1:51  Assimilator  
  21  1:57  Probe (Chrono Boost)  
  22  2:02  Pylon  
  22  2:07  Probe (Chrono Boost)  
  23  2:15  Warp Gate  
  23  2:16  Stalker  
  23  2:18  Assimilator  
  23  2:22  Probe (Chrono Boost)  
  26  2:32  Stargate  
  26  2:36  Probe (Chrono Boost)  
  27  2:48  Mothership Core (Chrono Boost), Probe (Chrono Boost)  
  30  2:55  Gateway  
  31  2:58  Probe (Chrono Boost)  
  31  3:00  Sentry  
  33  3:07  Probe (Chrono Boost)  
  33  3:10  Probe (Chrono Boost)  
  35  3:17  Oracle  
  36  3:20  Probe (Chrono Boost)  
  36  3:22  Probe (Chrono Boost)  
  40  3:32  Probe (Chrono Boost)  
  42  3:34  Pylon, Probe (Chrono Boost)  
  42  3:42  Sentry  
  42  3:44  Probe (Chrono Boost)  
  42  3:46  Probe (Chrono Boost)  
  42  3:47  Assimilator  
  47  3:55  Probe (Chrono Boost)  
  47  3:58  Probe (Chrono Boost)  
  48  4:02  Void Ray  
  48  4:06  Probe (Chrono Boost)  
  53  4:10  Probe (Chrono Boost)  
  53  4:12  Pylon  
  54  4:25  Pylon  
  54  4:31  Probe x2 (Chrono Boost)  
  56  4:34  Forge  
  56  4:41  Probe x2 (Chrono Boost)  
  58  4:51  Nexus  
  58  4:52  Pylon, Probe (Chrono Boost)  
  59  4:58  Probe (Chrono Boost)  
  60  5:11  Fleet Beacon  
  60  5:13  Stargate  
  60  5:17  Photon Cannon  
  60  5:19  Gateway  
  60  5:20  Gateway  
  60  5:25  Probe x2 (Chrono Boost)  
  62  5:35  Probe x2 (Chrono Boost)  
  64  5:37  Photon Cannon  
  64  5:44  Carrier  
  64  5:49  Carrier  
  64  5:56  Photon Cannon  
  76  6:06  Pylon  
  76  6:24  Assimilator, Probe x2 (Chrono Boost)  
  84  6:28  Assimilator  
  84  6:32  Stargate  
  84  6:33  Pylon x2, Protoss Air Weapons Level 1  
  86  7:01  Probe x2 (Chrono Boost)  
  86  7:02  Probe (Chrono Boost)  
  86  7:05  Photon Cannon  
  86  7:08  Photon Cannon  
  87  7:09  Graviton Catapult  
  87  7:10  Photon Cannon  
  87  7:11  Pylon  
  87  7:12  Probe (Chrono Boost)  
  87  7:13  Probe x2 (Chrono Boost)  
  87  7:14  Tempest  
  96  7:23  Probe (Chrono Boost)  
  96  7:25  Probe (Chrono Boost)  
  96  7:27  Probe (Chrono Boost)  
  99  7:30  Carrier  
  99  7:32  Robotics Facility  
  99  7:33  Probe (Chrono Boost)  
  100  7:42  Probe (Chrono Boost)  
  107  7:47  Carrier  
  113  7:53  Photon Cannon  
  113  8:04  Tempest  
  119  8:15  Probe x2 (Chrono Boost)  
  119  8:18  Twilight Council  
  121  8:35  Observer  
  121  8:38  Protoss Air Weapons Level 2  
  121  8:41  Cybernetics Core  
  122  9:07  Carrier x2  
  122  9:21  Carrier  
  112  9:30  Probe (Chrono Boost)  
  121  9:31  Probe x2 (Chrono Boost)  
  121  9:44  Probe (Chrono Boost)  
  121  9:45  Probe x2 (Chrono Boost)  
  124  9:46  Observer  
  125  9:53  Pylon  
  125  9:55  Pylon  
  125  9:57  Pylon  
  125  10:11  Templar Archives  
  125  10:12  Observer  
  125  10:13  Zealot x4  
  134  10:16  Probe (Chrono Boost)  
  134  10:17  Probe x2 (Chrono Boost)  
  137  10:27  Nexus  
  137  10:30  Pylon  
  137  10:33  Void Ray x2  
  136  10:59  Probe x2 (Chrono Boost)  
  136  11:00  Probe (Chrono Boost)  
  139  11:07  Protoss Air Weapons Level 3  
  139  11:09  Psionic Storm, Carrier  
  139  11:13  Pylon  
  139  11:14  Pylon  
  139  11:16  Pylon  
  139  11:19  Carrier x2  
  145  11:26  Photon Cannon  
  145  11:27  Photon Cannon  
  157  11:34  Pylon  
  157  11:35  Pylon  
  149  11:46  Zealot x4, Mothership Core (Chrono Boost)  
  161  12:28  High Templar x4  
  163  12:53  Observer  
  164  13:06  Nexus  
  164  13:07  High Templar x3  
  164  13:08  Pylon  
  164  13:12  Assimilator  
  170  13:13  Zealot  
  170  13:16  Assimilator  
  170  13:18  Pylon  
  171  13:27  Observer  
  171  13:32  Photon Cannon  
  171  13:33  Gateway  
  171  13:36  Gateway  
  171  13:39  Photon Cannon  
  171  13:41  High Templar x4  
  175  13:42  Photon Cannon  
  179  13:48  Archon  
  179  13:49  Archon  
  179  14:15  Observer  
  180  14:18  Protoss Air Armor Level 1  
  164  15:01  Charge  
  160  15:25  Probe x3 (Chrono Boost)  
  160  15:28  Zealot x6  
  175  15:38  Void Ray x3  
  186  15:51  Robotics Bay  
Tags
 
Add a new tag
Caveats
  • Supply blocks, unpowered buildings, or Contaminate may cause inaccurate times.
  • Supply counts are checked every 10 seconds.